 Dungeon Crawl Stone Soup version 0.28-a0-802-g09f76e8c00 (webtiles) character file.

Game seed: 14125556518508055897

17 kae the Caller (level 2, -4/16 HPs)
             Began as a Tengu Summoner on Nov 6, 2021.
             Killed from afar by Natasha (7 damage)
             ... with a magic dart
             ... on level 2 of the Dungeon.
             The game lasted 00:00:48 (1716 turns).

kae the Caller (Tengu Summoner)                     Turns: 1716, Time: 00:00:49

Health: -4/16      AC:  2    Str:  8    XL:     2   Next: 62%
Magic:  3/6        EV: 12    Int: 15    God:
Gold:   25         SH:  0    Dex: 14    Spells: 2/5 levels left

rFire   . . .      SeeInvis .   c - staff of conjuration
rCold   . . .      Faith    .   (no shield)
rNeg    . . .      Spirit   .   a - +0 robe
rPois   .          Reflect  .   (helmet restricted)
rElec   .          Harm     .   (no cloak)
rCorr   .          Rampage  .   (no gloves)
Will    .....                   (boots unavailable)
Stlth   ++........              (no amulet)
HPRegen 0.05/turn               (no ring)
MPRegen 0.10/turn               (no ring)

@: slowed, very slow
A: beak, talons 3
a: no special abilities


You were on level 2 of the Dungeon.
You visited 1 branch of the dungeon, and saw 2 of its levels.

You collected 25 gold pieces.

Inventory:

Armour
 a - a +0 robe (worn)
Magical Staves
 c - a staff of conjuration (weapon)
Potions
 e - a potion of brilliance {unknown}
 f - a potion of curing {unknown}


   Skills:
 + Level 0.7 Fighting
 + Level 2.5 Dodging
 - Level 2.0 Stealth
 + Level 2.2 Spellcasting
 * Level 5.2 Summonings


You had 2 spell levels left.
You knew the following spells:

 Your Spells              Type           Power      Damage    Failure   Level
a - Summon Small Mammal   Summ           68%        N/A       2%          1
b - Call Imp              Summ           17%        N/A       3%          2

Your spell library contained the following spells:

 Spells                   Type           Power      Damage    Failure   Level
 Call Canine Familiar     Summ           17%        N/A       8%          3
 Summon Guardian Golem    Hex/Summ       9%         N/A       22%         3
 Summon Lightning Spire   Summ/Air       9%         N/A       58%         4


Dungeon Overview and Level Annotations

Branches:
Dungeon (2/15)

Altars:

Annotations:
D:2 Natasha


Innate Abilities, Weirdness & Mutations

You have a beak for a mouth.
You have claws for feet.


Message History

You miscast Summon Small Mammal.
You are very lightly contaminated with residual magic.
Nothing appears to happen.
Your rat bites Natasha.
Your crimson imp closely misses Natasha.
Natasha claws you.
Your rat bites Natasha.
Your crimson imp barely misses Natasha.
Natasha completely misses you.
You hit Natasha. Your kick misses Natasha. Your peck misses Natasha.
Natasha is heavily wounded.
Your crimson imp barely misses Natasha.
Your rat bites Natasha.
Natasha claws your rat.
Your rat dies!
Your rat's corpse disappears in a puff of smoke!
A worm comes into view.
Natasha hisses angrily.
You hit Natasha but do no damage.
Natasha is severely wounded.
Your crimson imp closely misses Natasha.
Natasha claws you.
* * * LOW HITPOINT WARNING * * *
Natasha claws you but does no damage.
Your crimson imp closely misses Natasha.
You hit Natasha.
Natasha is almost dead.
Natasha casts a spell.
Your crimson imp closely misses Natasha. x2
Natasha barely misses you.
Your magical contamination has completely faded away.
You miss Natasha. Your peck misses Natasha.
Natasha is almost dead.
Your crimson imp closely misses Natasha.
Natasha barely misses you.
The crimson imp closely misses your crimson imp.
Your crimson imp hits Natasha.
Natasha barely misses you.
You closely miss Natasha.
Natasha is almost dead.
The crimson imp barely misses your crimson imp.
Your crimson imp hits Natasha but does no damage.
Natasha stares at you and mumbles some strange words.
The magic dart hits you!
You die...

### #@#
#h# 55.
....w
.......
####....#
####.# ..


You could see a worm, Natasha (ally target), a crimson imp (summoned) and a
friendly crimson imp (summoned).

Vanquished Creatures
  A bat (D:1)
  An endoplasm (D:1)
  A giant cockroach (D:1)
  A goblin (D:1)
  A hobgoblin (D:1)
  A quokka (D:1)
  3 ball pythons (D:1)
  A frilled lizard (D:1)
  A kobold (D:1)
  2 rats (D:1)
13 creatures vanquished.

Vanquished Creatures (collateral kills)
  An endoplasm (D:1)
  A giant cockroach (D:1)
  A ball python (D:1)
3 creatures vanquished.

Grand Total: 16 creatures vanquished

Notes
Turn   | Place    | Note
-------+----------+-------------------------------------------
     0 | D:1      | kae the Tengu Summoner began the quest for the Orb.
     0 | D:1      | Reached XP level 1. HP: 10/10 MP: 4/4
   568 | D:1      | Reached skill level 5 in Summonings
   618 | D:1      | Reached XP level 2. HP: 16/16 MP: 4/6
   621 | D:1      | Learned a level 2 spell: Call Imp
  1704 | D:2      | Noticed Natasha
  1715 | D:2      | Noticed a crimson imp
  1716 | D:2      | Killed from afar by Natasha

Illustrated notes

Levels and vault maps discovered:
D:1:      giann_forest_graveyard, layout_basic, corexii_leaking_fountain
D:2:      layout_basic, uniq_robin, uniq_natasha

Skill      XL: |  1 |
---------------+----+-----
Summonings     | 5 |  5.2
Fighting       | |  0.7
Dodging        | |  2.5
Stealth        | |  2.0
Spellcasting   | |  2.2

Action                   || total
-------------------------++-------
Melee: Staff             ||    38
       Kick              ||     7
       Peck              ||     5
 Cast: Summon Small Mamm ||    10
       Call Imp          ||     4
  Use: Scroll            ||     2
Armor: Robe              ||    12
Dodge: Dodged            ||    27

Table legend: (Time is in decaauts)
 A = Elapsed time spent in this place.
 B = Non-inter-level travel time spent in this place.
 C = Inter-level travel time spent in this place.
 D = Time resting spent in this place.
 E = Time spent auto-exploring this place.
 F = Levels seen in this place.
 G = Mean time per level.
                   A        B        C        D        E       F      G
               +--------+--------+--------+--------+--------+-----+--------+
         Total |   1727 |   1615 |    112 |      0 |   1432 |   2 |  863.5 |
       Dungeon |   1727 |   1615 |    112 |      0 |   1432 |   2 |  863.5 |
               +--------+--------+--------+--------+--------+-----+--------+

Top non-repeatable levels by time:
     D:1: 1706 daAuts
     D:2: 20 daAuts
